 Dungeon Crawl Stone Soup version 0.28.0-45-g0d030f2227 (webtiles) character file.

Game seed: 16605749250866739107

90 Fartwhistle the Insei (level 4, -6/39 (40) HPs)
             Began as a Naga Transmuter on Apr 13, 2022.
             Mangled by a crimson imp
             ... wielding a +1 dagger of chaos
              (17 damage)
             ... on level 3 of the Dungeon.
             The game lasted 00:08:58 (2626 turns).

Fartwhistle the Insei (Naga Transmuter)             Turns: 2626, Time: 00:08:58

HP:   -6/39 (40)    AC:  2    Str: 16    XL:     4   Next: 56%
MP:   7/7           EV: 10    Int: 15    God:
Gold: 73            SH:  0    Dex: 12    Spells: 6/7 levels left

rFire   + . .      SeeInvis +   c - +4 spear of Ikloxi {vamp, rF+ Str+4}
rCold   . . .      Faith    .   (no shield)
rNeg    . . .      Spirit   .   a - +0 robe
rPois   +          Reflect  .   (no helmet)
rElec   .          Harm     .   (no cloak)
rCorr   .          Rampage  .   (no gloves)
Will    .....                   (no barding)
Stlth   +.........              (no amulet)
HPRegen 0.13/turn               (no ring)
MPRegen 0.10/turn               (no ring)

@: short of breath, lightly drained, very slow
A: AC +1, large, see invisible, deformed body, poison resistance, slowness 2,
spit poison 1, naga tail 1
a: Spit Poison


You were on level 3 of the Dungeon.
You visited 1 branch of the dungeon, and saw 3 of its levels.

You collected 73 gold pieces.

Inventory:

Hand Weapons
 c - the +4 spear of Ikloxi (weapon) {vamp, rF+ Str+4}
   (You found it on level 2 of the Dungeon)

   It occasionally heals its wielder for a portion of the damage dealt when it
   wounds a living foe.
   Str:       It affects your strength (+4).
   rF:        It protects you from fire.
Armour
 a - a +0 robe (worn)
Jewellery
 h - a ring of fire
Scrolls
 d - a scroll of fear {unknown}
 f - a scroll of amnesia {unknown}
 g - 2 scrolls of noise {unknown}
 i - 2 scrolls of fog {unknown}
Potions
 b - a potion of curing {unknown}
 e - 2 potions of mutation {unknown}
 j - a potion of brilliance {unknown}
 k - a potion of lignification {unknown}


   Skills:
 + Level 2.3 Fighting
 + Level 2.4 Dodging
 - Level 3.1 Unarmed Combat
 - Level 2.1 Spellcasting
 + Level 3.0 Transmutations


You had 6 spell levels left.
You knew the following spells:

 Your Spells              Type           Power      Damage    Failure   Level
a - Beastly Appendage     Tmut           20%        N/A       6%          1

Your spell library contained the following spells:

 Spells                   Type           Power      Damage    Failure   Level
 Wereblood                Tmut           10%        N/A       10%         2
 Spider Form              Tmut/Pois      6%         N/A       34%         3
 Ice Form                 Ice/Tmut       6%         N/A       75%         4


Dungeon Overview and Level Annotations

Branches:
Dungeon (3/15)

Altars:
Makhleb
Ru
Sif Muna
Xom

Shops:
D:1 [


Innate Abilities, Weirdness & Mutations

Your serpentine skin is tough. (AC +1)
You have supernaturally acute eyesight. (SInv)
Armour fits poorly on your strangely shaped body.
Your system is resistant to poisons. (rPois)
You cover ground very slowly.
You can spit poison.
You have a snake-like lower body.


Message History

The crimson imp blinks!
Aiming: Spit Poison (1% risk of failure)
Press: ? - help, Shift-Dir - straight line, f - crimson imp
Aim: a crimson imp, wielding a +1 dagger of chaos (41% to hit)
The splash of poison hits the crimson imp.
The crimson imp is poisoned.
The crimson imp is lightly wounded.
You are too injured to fight recklessly!
Casting: Beastly Appendage (safe; 6% risk of failure)
Confirm with . or Enter, or press ? or * to list all spells.
You don't know that spell.
You are too injured to fight recklessly!
You have got your breath back.
You are too injured to fight recklessly!
You hit the crimson imp.
The crimson imp is lightly wounded.
The crimson imp blinks!
Aiming: Spit Poison (1% risk of failure)
Press: ? - help, Shift-Dir - straight line, f/p - crimson imp
Aim: a crimson imp, wielding a +1 dagger of chaos (moderately wounded, poisoned, 41% to hit)
The splash of poison misses the crimson imp.
The crimson imp looks more healthy.
You puncture the crimson imp!
The crimson imp is severely wounded.
You have got your breath back.
The crimson imp hits you with a +1 dagger of chaos.
Aiming: Spit Poison (1% risk of failure)
Press: ? - help, Shift-Dir - straight line, f/p - crimson imp
Aim: a crimson imp, wielding a +1 dagger of chaos (severely wounded, 41% to hit)
The splash of poison misses the crimson imp.
The crimson imp closely misses you.
You hit the crimson imp.
The crimson imp is almost dead.
The crimson imp hits you with a +1 dagger of chaos.
The crimson imp freezes you.
The crimson imp shouts, "Out, out, thou surly miscreant toady!"
The crimson imp hits you with a +1 dagger of chaos.
* * * LOW HITPOINT WARNING * * *
You are electrocuted!
You die...

.....#
#...###....########
.....# #...# #....#
.....### ######
###### .......#
#_._# .....#.#
#...# ######.#
#...# #.# #'## #.#
#(.# #.#########@#
#.........5.#
#############


You could see a crimson imp.

Vanquished Creatures
  2 adders
  A gnoll (D:1)
  A worm (D:2)
  2 dart slugs
  5 orcs (D:3)
  8 endoplasms
  3 giant cockroaches
  5 goblins
  4 hobgoblins
  6 kobolds
  A quokka (D:1)
  3 ball pythons
  4 bats
  A rat (D:1)
46 creatures vanquished.

Notes
Turn   | Place    | Note
-------+----------+-------------------------------------------
     0 | D:1      | Fartwhistle the Naga Transmuter began the quest for the
                  | Orb.
     0 | D:1      | Reached XP level 1. HP: 18/18 MP: 3/3
    28 | D:1      | Reached XP level 2. HP: 25/25 MP: 5/5
   210 | D:1      | Found Coseoxiu's Antique Armour Shop.
   522 | D:1      | Reached XP level 3. HP: 28/31 MP: 4/6
   817 | D:1      | Found a faded altar of an unknown god.
  1040 | D:2      | Identified the +4 spear of Ikloxi {vamp, rF+ Str+4}
  1276 | D:2      | Reached XP level 4. HP: 39/39 MP: 7/7
  1868 | D:3      | Found a shimmering blue altar of Sif Muna.
  1869 | D:3      | Found a sacrificial altar of Ru.
  2604 | D:3      | Found a shimmering altar of Xom.
  2604 | D:3      | Found a burning altar of Makhleb.
  2626 | D:3      | Mangled by a crimson imp

Illustrated notes

Levels and vault maps discovered:
D:1:      erik_arrival_blinker_ship, layout_basic,
          dreamdust_ecumenical_altar_sealed_demon, serial_shops, shop
D:2:      minmay_evil_eye, layout_loops_cross
D:3:      layout_basic, grunt_temple_overflow_champion_of_chaos,
          gammafunk_temple_overflow_pools

Skill      XL: |  1  2  3  4 |
---------------+-------------+-----
Dodging        | 2 |  2.4
Fighting       | 2 |  2.3
Transmutations | 3 |  3.0
Unarmed Combat | |  3.1
Spellcasting   | |  2.1

Action                   |  1- 3 |  4- 6 || total
-------------------------+-------+-------++-------
Melee: Unarmed           |    45 |       ||    45
       Punch             |     2 |     1 ||     3
       Headbutt          |     2 |       ||     2
       Spear             |    29 |    55 ||    84
 Cast: Beastly Appendage |     3 |       ||     3
 Abil: Spit Poison       |    11 |    10 ||    21
 Stab: Sleeping          |       |     1 ||     1
Armor: Robe              |    16 |     5 ||    21
Dodge: Dodged            |    24 |    28 ||    52
